 Dungeon Crawl Stone Soup version 0.16-a0-4083-g5af668b (console) character file.

279 fcrawl the Skirmisher (level 6, -8/40 HPs)
             Began as a Gargoyle Berserker on Feb 22, 2015.
             Was an Elder of Trog.
             Mangled by Prince Ribbit (12 damage)
             ... while paralysed
             ... on level 4 of the Dungeon on Feb 23, 2015.
             The game lasted 00:06:58 (2862 turns).

fcrawl the Skirmisher (Gargoyle Berserker)          Turns: 2862, Time: 00:06:59

Health: -8/40      AC: 12    Str: 21    XL:     6   Next: 26%
Magic:  6/6        EV:  2    Int:  8    God:    Trog [****..]
Gold:   169        SH:  0    Dex: 10    Spells: 0 memorised, 5 levels left

rFire  . . .     SeeInvis .     a - +0 hand axe
rCold  . . .     Clarity  .     c - +0 scale mail
rNeg   + . .     SustAb   .     (no shield)
rPois  ∞         Gourm    .     e - +0 helmet
rElec  +         Spirit   .     (no cloak)
rCorr  .         Warding  .     (no gloves)
rMut   .         Stasis   .     (no boots)
MR     .....                    (no amulet)
Stlth  ..........               (no ring)
                                (no ring)

@: paralysed, exhausted, slowed, not resistant to hostile enchantments,
extremely unstealthy
A: negative energy resistance 1, electricity resistance, unbreathing,
petrification resistance, rot immunity, AC +4
a: Burn Spellbooks, Berserk, Trog's Hand, Brothers in Arms, Renounce Religion


You were on level 4 of the Dungeon.
You worshipped Trog.
Trog was greatly pleased with you.
You were hungry.

You visited 1 branch of the dungeon, and saw 4 of its levels.

You collected 169 gold pieces.

Inventory:

Hand weapons
 a - a +0 hand axe (weapon)
Armour
 c - a +0 scale mail (worn)
 e - a +0 helmet (worn)
Magical devices
 b - a wand of polymorph (7)
Comestibles
 d - 4 fruits
 f - a beef jerky
 g - 3 meat rations
 h - a royal jelly
 i - a bread ration


   Skills:
 + Level 5.0 Fighting
 + Level 4.4 Axes
 + Level 4.0 Armour
 - Level 1.5 Dodging


You had 5 spell levels left.
You didn't know any spells.

Dungeon Overview and Level Annotations

Branches:
Dungeon (4/15)
 Temple: D:4-7

Altars:
Ashenzari
Fedhas
Ru

Shops:
D:4 *

Annotations:
D:4 Pikel, Prince Ribbit


Innate Abilities, Weirdness & Mutations

You are resistant to torment.
You are immune to poison.
Your stone body is very resilient (AC +4).
You resist negative energy.
You are resistant to electric shocks.
You can survive without breathing.
You are immune to petrification.
You are immune to rotting.


Message History

The bat barely misses you.
Huge Dmg: -17%(-10hp) hp: 10%(6hp) Prince Ribbit momentarily phases out as your attack passes through him.
You slash the bat!
You kill the bat!
Trog accepts your kill. Prince Ribbit hits you.
* * * LOW HITPOINT WARNING * * *
Damage: -1%(-1hp) hp: 9%(5hp)
You miss Prince Ribbit.
Prince Ribbit blinks!
You feel a strong urge to attack something.
You are no longer berserk.
You pass out from exhaustion.
You feel yourself slow down.
You are feeling hungry.
Prince Ribbit hits you but does no damage.
A gnoll comes into view. It is wielding a spear.
The gnoll shouts!
Prince Ribbit hits you!
You die...

..## .... #.. #.. #.. #..#
#.}.#.. #.. ..#.# #.#
~~~~###~.# ##.#
~~~~~~~..## #..# ####
~~~~~~~...## ##..## ...#
~~~###g.).####....####...#
~ #...#....F@......##...#
#.}.#.................#
#g..#.......(>........#
.###...#.......<......##
.....###........)....#
###### ###.......#...#
#.....#####..# ##...##
#..# ##### #..


You could see Prince Ribbit and a gnoll.

Vanquished Creatures
  Sigmund (D:3)
  An orc wizard (D:3)
  Robin (D:2)
  2 gnolls (D:4)
  4 adders
  3 worms
  2 giant geckos (D:2)
  8 orcs
  5 ball pythons
  8 bats
  7 giant cockroaches
  17 goblins
  13 hobgoblins
  9 jackals
  A quokka (D:2)
  5 giant newts
  6 kobolds
  6 rats
99 creatures vanquished.

Notes
Turn   | Place    | Note
--------------------------------------------------------------
     0 | D:1      | fcrawl, the Gargoyle Berserker, began the quest for the Orb.
     0 | D:1      | Reached XP level 1. HP: 14/14 MP: 1/1
   139 | D:1      | Reached XP level 2. HP: 19/19 MP: 2/2
   178 | D:1      | Huge Dmg: 4 Dmg
   703 | D:1      | Reached XP level 3. HP: 24/24 MP: 3/3
   749 | D:1      | Acquired Trog's second power
   963 | D:2      | Huge Dmg: 5 Dmg
  1032 | D:2      | Reached skill level 4 in Fighting
  1040 | D:2      | Huge Dmg: 8 Dmg
  1133 | D:2      | Noticed Robin
  1158 | D:2      | Killed Robin
  1158 | D:2      | Reached XP level 4. HP: 19/29 MP: 4/4
  1160 | D:2      | Huge Dmg: 6 Dmg
  1161 | D:2      | Huge Dmg: 9 Dmg
  1247 | D:2      | Found a sacrificial altar of Ru.
  1360 | D:2      | Huge Dmg: 7 Dmg
  1368 | D:2      | Huge Dmg: 4 Dmg
  1374 | D:2      | Huge Dmg: 5 Dmg
  1376 | D:2      | Huge Dmg: 4 Dmg
  1836 | D:2      | Reached XP level 5. HP: 27/34 MP: 5/5
  2096 | D:3      | Noticed Sigmund
  2229 | D:3      | Killed Sigmund
  2232 | D:3      | Huge Dmg: 12 Dmg
  2338 | D:3      | Found a shattered altar of Ashenzari.
  2338 | D:3      | Found a blossoming altar of Fedhas.
  2381 | D:3      | Huge Dmg: 13 Dmg
  2423 | D:3      | Huge Dmg: 7 Dmg
  2487 | D:3      | Huge Dmg: 10 Dmg
  2496 | D:3      | Reached XP level 6. HP: 23/40 MP: 6/6
  2506 | D:3      | Huge Dmg: 8 Dmg
  2723 | D:3      | Found a sacrificial altar of Ru.
  2796 | D:3      | Acquired Trog's third power
  2808 | D:4      | Found Waidof's General Store.
  2808 | D:4      | Noticed Pikel
  2843 | D:4      | Noticed Prince Ribbit
  2850 | D:4      | Huge Dmg: 13 Dmg
  2852 | D:4      | Huge Dmg: 15 Dmg
  2852 | D:4      | Reached skill level 5 in Fighting
  2853 | D:4      | Huge Dmg: 14 Dmg
  2855 | D:4      | Huge Dmg: 10 Dmg
  2862 | D:4      | Mangled by Prince Ribbit

Action                   |  1- 3 |  4- 6 || total
-------------------------+-------+-------++-------
Melee: Hand axe          |   136 |   239 ||   375
Invok: Berserk           |     2 |     4 ||     6
       Trog's Hand       |       |     2 ||     2
  Eat: Chunk             |     2 |     6 ||     8
       Bread ration      |       |     1 ||     1

Vault maps used:
D:1:      dpeg_arrival_stonehenge_8_columns
D:2:      old_standard_altar, guppyfry_early_orc_mine, uniq_robin
D:3:      gammafunk_temple_overflow_statue, nicolae_ru_path_of_blood,
          uniq_sigmund
D:4:      lemuel_round_altar, first_bread, serial_shops,
          nicolae_shop_window_shopping, fountainhead, uniq_blork_the_orc,
          uniq_grinder, uniq_pikel, uniq_crazy_yiuf_cottage, uniq_prince_ribbit1
